| TOP OF THE 1ST |
|
Hillsboro Hops batting - Pitching for Milwaukee (NYP) Brewers : RHP Antonio Ballesteros
|
|
Pitching: RHP Antonio Ballesteros
|
|
|
Batting: RHB Edgar Garcia
|
0-0: Ball 1-0: Ground out 6-3 (Groundball, 6, EV 83.8 MPH)
|
|
Batting: RHB Yasuo Nakata
|
0-0: Called Strike 0-1: Ball 1-1: SINGLE (Groundball, 56D, EV 107.5 MPH) (infield hit)
|
|
Batting: RHB Larry Hardman
|
0-0: Ball 1-0: Foul Ball, location: 2F 1-1: Fly out, F8 (Flyball, 89XD, EV 106.2 MPH)
|
|
Batting: RHB Chris Bittner
|
0-0: Ball 1-0: Ball 2-0: Ball 3-0: Base on Balls Yasuo Nakata to second
|
|
Batting: RHB Jeremy Adams
|
0-0: Hit by Pitch Yasuo Nakata to third Chris Bittner to second
|
|
Batting: RHB Bryan Shuller
|
0-0: Called Strike 0-1: Ball 1-1: SINGLE (Groundball, 5S, EV 72.5 MPH) (infield hit) Yasuo Nakata scores Chris Bittner to third Jeremy Adams to second
|
|
Batting: RHB Brandon Joshua
|
0-0: Ball 1-0: Fly out, F7 (Flyball, 7LM, EV 86.9 MPH)
|
| Top of the 1st over - 1 run, 2 hits, 0 errors, 3 left on base; Hillsboro 1 - Milwaukee (NYP) 0 |
| BOTTOM OF THE 1ST |
|
Milwaukee (NYP) Brewers batting - Pitching for Hillsboro Hops : RHP Mike Stover
|
|
Pitching: RHP Mike Stover
|
|
|
Batting: RHB Bobby McCann
|
0-0: Ball 1-0: Swinging Strike 1-1: Ball 2-1: Called Strike 2-2: Ball 3-2: Strikes out swinging
|
|
Batting: SHB Mitchell Greene
|
0-0: Ball 1-0: Called Strike 1-1: Ball 2-1: Swinging Strike 2-2: Strikes out swinging
|
|
Batting: LHB Alfredo de la Cruz
|
0-0: Ball 1-0: Ball 2-0: Ball 3-0: Base on Balls
|
|
Batting: LHB Paul Collins
|
0-0: Ball 1-0: Ball Alfredo de la Cruz steals 2nd base 2-0: Ball 3-0: Called Strike 3-1: Foul Ball, location: 2F 3-2: Foul Ball, location: 2F 3-2: Foul Ball, location: 2F 3-2: Foul Ball, location: 2F 3-2: Foul Ball, location: 2F 3-2: Base on Balls
|
|
Batting: RHB Skyler Goss
|
0-0: Ball 1-0: Ball 2-0: Foul Ball, location: 2F 2-1: Foul Ball, location: 2F 2-2: Strikes out swinging, 2-3 out at first.
|
| Bottom of the 1st over - 0 runs, 0 hits, 0 errors, 2 left on base; Hillsboro 1 - Milwaukee (NYP) 0 |
| TOP OF THE 2ND |
|
Hillsboro Hops batting - Pitching for Milwaukee (NYP) Brewers : RHP Antonio Ballesteros
|
|
Batting: SHB Mike Kiefer
|
0-0: Ball 1-0: Foul Ball, location: 2F 1-1: Foul Ball, location: 2F 1-2: Strikes out swinging
|
|
Batting: RHB Larry Valencia
|
0-0: Reached on error, E6 (Groundball, 6, EV 80.0 MPH)
|
|
Batting: RHB Edgar Garcia
|
0-0: Ball 1-0: Ball Wild Pitch! Larry Valencia to third 2-0: Called Strike 2-1: DOUBLE (Line Drive, 7LM, EV 101.9 MPH) Larry Valencia scores
|
|
Batting: RHB Yasuo Nakata
|
0-0: Ball 1-0: Ball 2-0: Ball Wild Pitch! Edgar Garcia to third 3-0: Base on Balls
|
|
Batting: RHB Larry Hardman
|
0-0: Called Strike 0-1: Ball Yasuo Nakata steals 2nd base (no throw) 1-1: Foul Ball, location: 2F 1-2: Ball 2-2: Foul Ball, location: 2F 2-2: Ground out 6-3 (Groundball, 6, EV 78.1 MPH) Edgar Garcia scores
|
|
Batting: RHB Chris Bittner
|
0-0: Called Strike 0-1: Foul Ball, location: 2F 0-2: Foul Ball, location: 2F 0-2: Strikes out swinging
|
| Top of the 2nd over - 2 runs, 1 hit, 1 error, 1 left on base; Hillsboro 3 - Milwaukee (NYP) 0 |
| BOTTOM OF THE 2ND |
|
Milwaukee (NYP) Brewers batting - Pitching for Hillsboro Hops : RHP Mike Stover
|
|
Batting: SHB Adam Slade
|
0-0: Called Strike 0-1: Swinging Strike 0-2: Ball 1-2: Strikes out swinging
|
|
Batting: RHB Vinny Estrada
|
0-0: Called Strike 0-1: Swinging Strike 0-2: Ball 1-2: Ball 2-2: Foul Ball, location: 2F 2-2: Ball 3-2: Base on Balls
|
|
Batting: LHB Aaron Mobley
|
0-0: Ball 1-0: Called Strike Vinny Estrada steals 2nd base 1-1: Ground out 4-3 (Groundball, 4MS, EV 86.2 MPH) Vinny Estrada to third
|
|
Batting: RHB Raymond Young
|
0-0: Called Strike 0-1: Ball 1-1: Ball 2-1: DOUBLE (Line Drive, 78D, EV 107.5 MPH) Vinny Estrada scores
|
|
Batting: RHB Bobby McCann
|
0-0: Ball 1-0: Ball 2-0: Ball 3-0: Called Strike 3-1: Foul Ball, location: 2F 3-2: Foul Ball, location: 2F 3-2: SINGLE (Flyball, 34D, EV 94.4 MPH) Raymond Young to third
|
|
Batting: SHB Mitchell Greene
|
0-0: Called Strike 0-1: Ball 1-1: DOUBLE (Line Drive, 5D, EV 108.8 MPH) Raymond Young scores Bobby McCann to third Runner from 3rd tries for Home, throw by LF and OUT! 7-6-2
|
| Bottom of the 2nd over - 2 runs, 3 hits, 0 errors, 1 left on base; Hillsboro 3 - Milwaukee (NYP) 2 |
| TOP OF THE 3RD |
|
Hillsboro Hops batting - Pitching for Milwaukee (NYP) Brewers : RHP Antonio Ballesteros
|
|
Batting: RHB Jeremy Adams
|
0-0: Ball 1-0: Ball 2-0: SINGLE (Groundball, 56, EV 105.0 MPH)
|
|
Batting: RHB Bryan Shuller
|
0-0: DOUBLE (Line Drive, 8LXD, EV 104.4 MPH) Jeremy Adams to third
|
|
Batting: RHB Brandon Joshua
|
0-0: Ball 1-0: SINGLE (Groundball, 6M, EV 101.2 MPH) (infield hit) Jeremy Adams scores Bryan Shuller to third
|
|
Batting: SHB Mike Kiefer
|
0-0: Ball 1-0: Called Strike 1-1: Called Strike Brandon Joshua steals 2nd base 1-2: Ball 2-2: Strikes out looking
|
|
Batting: RHB Larry Valencia
|
0-0: Foul Ball, location: 2F 0-1: Ball 1-1: Ball 2-1: SINGLE (Flyball, 78M, EV 91.2 MPH) Bryan Shuller scores Brandon Joshua to third
|
|
Batting: RHB Edgar Garcia
|
0-0: Ball 1-0: Foul Ball, location: 2F 1-1: Foul Ball, location: 2F 1-2: Strikes out swinging
|
|
Batting: RHB Yasuo Nakata
|
0-0: Ground out 4-3 (Groundball, 4, EV 103.8 MPH)
|
| Top of the 3rd over - 2 runs, 4 hits, 0 errors, 2 left on base; Hillsboro 5 - Milwaukee (NYP) 2 |
| BOTTOM OF THE 3RD |
|
Milwaukee (NYP) Brewers batting - Pitching for Hillsboro Hops : RHP Mike Stover
|
|
Batting: LHB Alfredo de la Cruz
|
0-0: Ball 1-0: Ball 2-0: Called Strike 2-1: Ball 3-1: Base on Balls
|
|
Batting: LHB Paul Collins
|
0-0: Called Strike Alfredo de la Cruz steals 2nd base 0-1: Foul Ball, location: 2F 0-2: Foul Ball, location: 2F 0-2: Ground out 4-3 (Groundball, 4, EV 81.9 MPH) Alfredo de la Cruz to third
|
|
Batting: RHB Skyler Goss
|
0-0: Ball 1-0: Ball 2-0: Fly out, F6 (Popup, 6M, EV 75.0 MPH)
|
|
Batting: SHB Adam Slade
|
0-0: Ball 1-0: 2-RUN HOME RUN (Flyball, 9D, EV 95.6 MPH), Distance : 369 ft
|
|
Batting: RHB Vinny Estrada
|
0-0: Ball 1-0: Foul Ball, location: 2F 1-1: Ball 2-1: Fly out, F7 (Line Drive, 7D, EV 84.4 MPH)
|
| Bottom of the 3rd over - 2 runs, 1 hit, 0 errors, 0 left on base; Hillsboro 5 - Milwaukee (NYP) 4 |
| TOP OF THE 4TH |
|
Hillsboro Hops batting - Pitching for Milwaukee (NYP) Brewers : RHP Antonio Ballesteros
|
|
Batting: RHB Larry Hardman
|
0-0: Swinging Strike 0-1: Ball 1-1: Called Strike 1-2: Foul Ball, location: 2F 1-2: Foul Ball, location: 2F 1-2: Ball 2-2: Foul Ball, location: 2F 2-2: Ball 3-2: Foul Ball, location: 2F 3-2: SINGLE (Line Drive, 4D, EV 105.0 MPH)
|
|
Batting: RHB Chris Bittner
|
0-0: Called Strike 0-1: Ball 1-1: Foul Ball, location: 2F 1-2: Ball 2-2: Strikes out looking
|
|
Pitching: RHP Odmar van de Vijver
|
|
|
Batting: RHB Jeremy Adams
|
0-0: Ball 1-0: Called Strike 1-1: SINGLE (Flyball, 34D, EV 86.2 MPH) Larry Hardman to second
|
|
Batting: RHB Bryan Shuller
|
0-0: Ball 1-0: Ball 2-0: Ball 3-0: Called Strike 3-1: Base on Balls Larry Hardman to third Jeremy Adams to second
|
|
Batting: RHB Brandon Joshua
|
0-0: Called Strike 0-1: TRIPLE (Flyball, 89XD, EV 96.9 MPH) Larry Hardman scores Jeremy Adams scores Bryan Shuller scores
|
|
Batting: SHB Mike Kiefer
|
0-0: Ball 1-0: Ball 2-0: Ball 3-0: Base on Balls
|
|
Batting: RHB Larry Valencia
|
0-0: Ball 1-0: SINGLE (Groundball, 56S, EV 68.1 MPH) (infield hit) Brandon Joshua scores Mike Kiefer to second
|
|
Batting: RHB Edgar Garcia
|
0-0: Ball 1-0: Foul Ball, location: 2F 1-1: Fly out, F9 (Flyball, 9LS, EV 75.6 MPH)
|
|
Batting: RHB Yasuo Nakata
|
0-0: Called Strike 0-1: Ground out 6-3 (Groundball, 6S, EV 84.4 MPH)
|
| Top of the 4th over - 4 runs, 4 hits, 0 errors, 2 left on base; Hillsboro 9 - Milwaukee (NYP) 4 |
| BOTTOM OF THE 4TH |
|
Milwaukee (NYP) Brewers batting - Pitching for Hillsboro Hops : RHP Mike Stover
|
|
Batting: LHB Aaron Mobley
|
0-0: Ball 1-0: Fly out, F8 (Line Drive, 8LD, EV 108.8 MPH)
|
|
Batting: RHB Raymond Young
|
0-0: Called Strike 0-1: SINGLE (Groundball, 6D, EV 105.0 MPH)
|
|
Batting: RHB Bobby McCann
|
0-0: Ball Raymond Young steals 2nd base 1-0: Foul Ball, location: 2F 1-1: Swinging Strike 1-2: Ball 2-2: Strikes out swinging
|
|
Batting: SHB Mitchell Greene
|
0-0: Foul Ball, location: 2F 0-1: Ground out 6-3 (Groundball, 4M, EV 81.9 MPH)
|
| Bottom of the 4th over - 0 runs, 1 hit, 0 errors, 1 left on base; Hillsboro 9 - Milwaukee (NYP) 4 |
| TOP OF THE 5TH |
|
Hillsboro Hops batting - Pitching for Milwaukee (NYP) Brewers : RHP Odmar van de Vijver
|
|
Batting: RHB Larry Hardman
|
0-0: Foul Ball, location: 2F 0-1: Called Strike 0-2: Strikes out swinging
|
|
Batting: RHB Chris Bittner
|
0-0: Ball 1-0: Ball 2-0: Foul Ball, location: 2F 2-1: Ground out 6-3 (Groundball, 6S, EV 86.2 MPH)
|
|
Batting: RHB Jeremy Adams
|
0-0: Called Strike 0-1: Ball 1-1: Foul Ball, location: 2F 1-2: Strikes out swinging
|
| Top of the 5th over - 0 runs, 0 hits, 0 errors, 0 left on base; Hillsboro 9 - Milwaukee (NYP) 4 |
| BOTTOM OF THE 5TH |
|
Milwaukee (NYP) Brewers batting - Pitching for Hillsboro Hops : RHP Mike Stover
|
|
Pitching: RHP Pat Green
|
|
|
Batting: LHB Alfredo de la Cruz
|
0-0: Ground out 4-3 (Groundball, 34, EV 91.9 MPH)
|
|
Batting: LHB Paul Collins
|
0-0: Called Strike 0-1: Ball 1-1: Called Strike 1-2: Ball 2-2: Strikes out swinging
|
|
Batting: RHB Skyler Goss
|
0-0: Ball 1-0: Ball 2-0: Ball 3-0: Called Strike 3-1: Foul Ball, location: 2F 3-2: Foul Ball, location: 2F 3-2: Foul Ball, location: 2F 3-2: Foul Ball, location: 2F 3-2: Ground out 4-3 (Groundball, 4, EV 108.1 MPH)
|
| Bottom of the 5th over - 0 runs, 0 hits, 0 errors, 0 left on base; Hillsboro 9 - Milwaukee (NYP) 4 |
| TOP OF THE 6TH |
|
Hillsboro Hops batting - Pitching for Milwaukee (NYP) Brewers : RHP Odmar van de Vijver
|
|
Batting: RHB Bryan Shuller
|
0-0: Swinging Strike 0-1: SINGLE (Groundball, 4MD, EV 108.1 MPH)
|
|
Batting: RHB Brandon Joshua
|
0-0: Ball 1-0: Called Strike Bryan Shuller is caught stealing 2nd base 2-4 1-1: Swinging Strike 1-2: Ball 2-2: Ground out 5-3 (Groundball, 56, EV 93.8 MPH)
|
|
Batting: SHB Mike Kiefer
|
0-0: Swinging Strike 0-1: Ball 1-1: Swinging Strike 1-2: Ball 2-2: Strikes out swinging
|
| Top of the 6th over - 0 runs, 1 hit, 0 errors, 0 left on base; Hillsboro 9 - Milwaukee (NYP) 4 |
| BOTTOM OF THE 6TH |
|
Milwaukee (NYP) Brewers batting - Pitching for Hillsboro Hops : RHP Pat Green
|
|
Batting: SHB Adam Slade
|
0-0: Foul Ball, location: 2F 0-1: Ball 1-1: Ball 2-1: Ground out 3-1 (Groundball, 34S, EV 85.6 MPH)
|
|
Batting: RHB Vinny Estrada
|
0-0: Ball 1-0: Fly out, F7 (Flyball, 7, EV 92.5 MPH)
|
|
Batting: LHB Aaron Mobley
|
0-0: Called Strike 0-1: Ball 1-1: Ball 2-1: SINGLE (Line Drive, 7S, EV 85.0 MPH)
|
|
Batting: RHB Raymond Young
|
0-0: Ball 1-0: Ball 2-0: Ball 3-0: Called Strike 3-1: Base on Balls Aaron Mobley to second
|
|
Batting: RHB Bobby McCann
|
0-0: Fly out, F7 (Flyball, 78M, EV 96.9 MPH)
|
| Bottom of the 6th over - 0 runs, 1 hit, 0 errors, 2 left on base; Hillsboro 9 - Milwaukee (NYP) 4 |
| TOP OF THE 7TH |
|
Hillsboro Hops batting - Pitching for Milwaukee (NYP) Brewers : RHP Odmar van de Vijver
|
|
Batting: RHB Larry Valencia
|
0-0: Called Strike 0-1: Ground out 5-3 (Groundball, 56S, EV 89.4 MPH)
|
|
Batting: RHB Edgar Garcia
|
0-0: Swinging Strike 0-1: Ball 1-1: Ball 2-1: Foul Ball, location: 2F 2-2: Ball 3-2: TRIPLE (Flyball, 89XD, EV 99.4 MPH)
|
|
Pitching: RHP Guillermo Delgado
|
|
|
Batting: RHB Yasuo Nakata
|
0-0: Called Strike 0-1: Ball 1-1: Foul Ball, location: 2F 1-2: SINGLE (Groundball, 56D, EV 100.0 MPH) Edgar Garcia scores
|
|
Batting: RHB Larry Hardman
|
0-0: Ball 1-0: Foul Ball, location: 2F 1-1: Ball 2-1: Ball 3-1: Base on Balls Yasuo Nakata to second
|
|
Batting: RHB Chris Bittner
|
0-0: Called Strike 0-1: DOUBLE (Line Drive, 89M, EV 93.8 MPH) Yasuo Nakata scores Larry Hardman to third
|
|
Batting: RHB Jeremy Adams
|
0-0: Ball 1-0: Called Strike 1-1: Foul Ball, location: 2F 1-2: Ball 2-2: Ball Wild Pitch! Larry Hardman scores Chris Bittner to third 3-2: Strikes out swinging
|
|
Batting: RHB Bryan Shuller
|
0-0: Called Strike 0-1: Ball 1-1: Called Strike 1-2: SINGLE (Line Drive, 7S, EV 89.4 MPH) Chris Bittner scores
|
|
Batting: RHB Brandon Joshua
|
0-0: Ball 1-0: Called Strike 1-1: Ball 2-1: Called Strike 2-2: Strikes out swinging
|
| Top of the 7th over - 4 runs, 4 hits, 0 errors, 1 left on base; Hillsboro 13 - Milwaukee (NYP) 4 |
| BOTTOM OF THE 7TH |
|
Milwaukee (NYP) Brewers batting - Pitching for Hillsboro Hops : RHP Pat Green
|
|
Batting: SHB Mitchell Greene
|
0-0: Called Strike 0-1: Foul Ball, location: 2F 0-2: Fly out, F7 (Line Drive, 7, EV 87.5 MPH)
|
|
Batting: LHB Alfredo de la Cruz
|
0-0: Ball 1-0: Swinging Strike 1-1: Ground out U3 (Groundball, 3, EV 88.1 MPH)
|
|
Batting: LHB Paul Collins
|
0-0: Ball 1-0: Ball 2-0: Swinging Strike 2-1: Ball 3-1: Base on Balls
|
|
Batting: RHB Brad Wren
|
0-0: Foul Ball, location: 2F 0-1: Ball Wild Pitch! Paul Collins to second 1-1: Ball Wild Pitch! Paul Collins to third 2-1: SINGLE (Groundball, 6MD, EV 99.4 MPH) Paul Collins scores
|
|
Batting: SHB Adam Slade
|
0-0: Ball 1-0: Called Strike 1-1: Foul Ball, location: 2F 1-2: Ball 2-2: Ball 3-2: DOUBLE (Line Drive, 9LM, EV 103.1 MPH) Brad Wren to third Brad Wren scores
|
|
Batting: RHB Vinny Estrada
|
0-0: Ball 1-0: Swinging Strike 1-1: SINGLE (Groundball, 34D, EV 95.0 MPH) Adam Slade to third Runner from 3rd tries for Home, SAFE, throw by RF to home
|
|
Pitching: LHP Lothar Klasen
|
|
|
Batting: LHB Aaron Mobley
|
0-0: Ball 1-0: Ball Vinny Estrada is caught stealing 2nd base 2-6
|
| Bottom of the 7th over - 3 runs, 3 hits, 0 errors, 0 left on base; Hillsboro 13 - Milwaukee (NYP) 7 |
| TOP OF THE 8TH |
|
Hillsboro Hops batting - Pitching for Milwaukee (NYP) Brewers : RHP Guillermo Delgado
|
|
Batting: SHB Mike Kiefer
|
0-0: Ball 1-0: Ball 2-0: Ball 3-0: Base on Balls
|
|
Pitching: RHP Malibok Fflunker
|
|
|
Batting: RHB Larry Valencia
|
0-0: Ball 1-0: Called Strike 1-1: Ball 2-1: Called Strike 2-2: Fly out, F1 (Line Drive, P, EV 71.2 MPH)
|
|
Batting: RHB Edgar Garcia
|
0-0: Ball 1-0: Fielders Choice at 2nd, 3-6 (Groundball, 34S, EV 83.8 MPH)
|
|
Batting: RHB Yasuo Nakata
|
0-0: Called Strike 0-1: Ball 1-1: Fielders Choice at 2nd, 5-4 (Groundball, 56, EV 110.0 MPH)
|
| Top of the 8th over - 0 runs, 0 hits, 0 errors, 1 left on base; Hillsboro 13 - Milwaukee (NYP) 7 |
| BOTTOM OF THE 8TH |
|
Milwaukee (NYP) Brewers batting - Pitching for Hillsboro Hops : LHP Lothar Klasen
|
|
Batting: LHB Aaron Mobley
|
0-0: Called Strike 0-1: Ball 1-1: SINGLE (Flyball, 6D, EV 92.5 MPH)
|
|
Batting: RHB Raymond Young
|
0-0: Foul Ball, location: 2F 0-1: Ball 1-1: Foul Ball, location: 2F 1-2: Foul Ball, location: 2F 1-2: Strikes out swinging
|
|
Batting: RHB Bobby McCann
|
0-0: Ball 1-0: Called Strike 1-1: Ball 2-1: Foul Ball, location: 2F 2-2: Ball 3-2: Base on Balls Aaron Mobley to second
|
|
Batting: SHB Mitchell Greene
|
0-0: Ball 1-0: Ball 2-0: Ball 3-0: Called Strike 3-1: Base on Balls Aaron Mobley to third Bobby McCann to second
|
|
Batting: LHB Alfredo de la Cruz
|
0-0: Called Strike 0-1: DOUBLE (Flyball, 8RXD, EV 115.6 MPH) Aaron Mobley scores Bobby McCann scores Mitchell Greene to third
|
|
Batting: LHB Paul Collins
|
0-0: SINGLE (Flyball, 56D, EV 87.5 MPH) Mitchell Greene scores Alfredo de la Cruz to third Runner from 3rd tries for Home, throw by LF and OUT! 7-2
|
|
Pitching: RHP Guillermo Gonzalez
|
|
|
Batting: RHB Brad Wren
|
0-0: Called Strike 0-1: Ball 1-1: Swinging Strike 1-2: Strikes out swinging
|
| Bottom of the 8th over - 3 runs, 3 hits, 0 errors, 1 left on base; Hillsboro 13 - Milwaukee (NYP) 10 |
| TOP OF THE 9TH |
|
Hillsboro Hops batting - Pitching for Milwaukee (NYP) Brewers : RHP Malibok Fflunker
|
|
Batting: RHB Larry Hardman
|
0-0: Ball 1-0: Called Strike 1-1: Ball 2-1: Foul Ball, location: 2F 2-2: Ball 3-2: Foul Ball, location: 2F 3-2: Foul Ball, location: 2F 3-2: Foul Ball, location: 2F 3-2: Ground out 1-3 (Groundball, 34S, EV 70.0 MPH)
|
|
Batting: RHB Chris Bittner
|
0-0: Ball 1-0: Foul Ball, location: 2F 1-1: Ball 2-1: Swinging Strike 2-2: Ground out 3-1 (Groundball, 13, EV 85.0 MPH)
|
|
Batting: RHB Jeremy Adams
|
0-0: Ground out 5-3 (Groundball, 56, EV 103.1 MPH)
|
| Top of the 9th over - 0 runs, 0 hits, 0 errors, 0 left on base; Hillsboro 13 - Milwaukee (NYP) 10 |
| BOTTOM OF THE 9TH |
|
Milwaukee (NYP) Brewers batting - Pitching for Hillsboro Hops : RHP Guillermo Gonzalez
|
|
Batting: SHB Adam Slade
|
0-0: Ball 1-0: Ground out 5-3 (Groundball, 56S, EV 84.4 MPH)
|
|
Batting: RHB Vinny Estrada
|
0-0: Called Strike 0-1: Called Strike 0-2: Strikes out looking
|
|
Batting: LHB Aaron Mobley
|
0-0: Ground out 5-3 (Groundball, 5, EV 93.1 MPH)
|
| Bottom of the 9th over - 0 runs, 0 hits, 0 errors, 0 left on base; Hillsboro 13 - Milwaukee (NYP) 10 |
|